 Dungeon Crawl Stone Soup version 0.21-a0-59-g7b0e191 (webtiles) character file.

116 KristoblXynda the Sneak (level 4, -4/22 HPs)
             Began as a Spriggan Assassin on June 16, 2017.
             Slain by an ogre
             ... wielding a +0 giant club
              (26 damage)
             ... on level 4 of the Dungeon.
             The game lasted 00:06:07 (2605 turns).

KristoblXynda the Sneak (Spriggan Assassin)         Turns: 2605, Time: 00:06:08

Health: -4/22      AC:  3    Str:  8    XL:     4   Next: 69%
Magic:  5/5        EV: 19    Int: 12    God:
Gold:   157        SH:  0    Dex: 17    Spells: 3/3 levels left

rFire    . . .     SeeInvis +   o - +4 dagger (venom)
rCold    . . .     Gourm    .   (shield restricted)
rNeg     . . .     Faith    .   c - +0 robe
rPois    .         Spirit   .   (helmet restricted)
rElec    .         Reflect  .   d - +0 cloak
rCorr    .         Harm     .   (gloves unavailable)
MR       .....                  (boots unavailable)
Stlth    ++++......             (no amulet)
HPRegen  0.07/turn              (no ring)
MPRegen  0.09/turn              (no ring)

@: very quick
A: unfitting armour, see invisible, herbivore 3, speed 3, slow metabolism 2
a: no special abilities


You were on level 4 of the Dungeon.
You were not hungry.

You visited 1 branch of the dungeon, and saw 4 of its levels.

You collected 157 gold pieces.

Inventory:

Hand Weapons
 b - a +0 blowgun
 o - a +4 dagger of venom (weapon)
Missiles
 e - 57 poisoned needles
 f - 2 curare-tipped needles
Armour
 c - a +0 robe (worn)
 d - a +0 cloak (worn)
Wands
 w - a wand of confusion (25/48)
Scrolls
 a - 2 scrolls of enchant weapon {unknown}
 p - a scroll of enchant armour {unknown}
 q - 2 scrolls of teleportation {unknown}
 r - 2 scrolls of magic mapping {unknown}
 s - 2 scrolls of remove curse {unknown}
 t - a scroll of identify {unknown}
Potions
 h - 3 potions of heal wounds {unknown}
 i - 2 potions of mutation {unknown}
 k - a potion of agility {unknown}
 l - a potion of brilliance {unknown}
 m - 2 potions of curing {unknown}
 n - a potion of resistance {unknown}
 u - a potion of haste {unknown}
Comestibles
 g - 3 bread rations
 j - 3 royal jellies
 v - 2 fruits


   Skills:
 - Level 1.5 Fighting
 + Level 3.5 Short Blades
 - Level 2.0 Throwing
 + Level 4.1 Dodging
 + Level 7.0 Stealth


You had 3 spell levels left.
You didn't know any spells.

Dungeon Overview and Level Annotations

Branches:
Dungeon (4/15)
 Temple: D:4-7

Altars:

Annotations:
D:4 Ijyb


Innate Abilities, Weirdness & Mutations

You are very small and have problems with some larger weapons.
You are too small for most types of armour.
You have supernaturally acute eyesight. (SInv)
You are a herbivore.
You cover ground extremely quickly.
You need consume almost no food.


Message History

An ogre comes into view. It is wielding a giant club.
You see here a transparent long sword.
Ijyb the Twisted Goblin comes into view.
She is wielding an enchanted dagger.
Found a stone staircase leading down.
You see here 15 sling bullets.
You hit the ogre.
The ogre is poisoned.
The ogre is lightly wounded.
Ijyb shouts!
The ogre hits you with a giant club.
You hit the ogre.
The ogre is moderately wounded.
You enter the shallow water.
Moving in this stuff is going to be slow.
You hit the ogre.
The ogre looks as sick as possible!
The ogre is heavily wounded.
You hit the ogre.
The ogre looks as sick as possible!
The ogre is severely wounded.
The ogre hits you with a giant club!!
Ouch! That really hurt!
You die...

#...# # ######
#.######...### #. .....
P.P♣.......... #.###...>
♣♣≈.♣.......... #.......
♣≈≈♣♣♣......... #.......
♣≈.≈♣♣♣##...###
#......♣♣♣♣♣♣≈P♣♣♣♣♣.###
#......♣)P♣♣≈.≈♣P♣≈♣.#
#...(gO@≈≈≈≈≈≈.≈≈..#
#.###P≈♣≈≈≈≈≈♣≈♣PP##
#..♣♣♣♣♣♣.♣♣♣♣♣♣# #.#
♣≈≈P♣ ... ♣♣.♣♣ ###
♣♣≈P♣ ♣≈.P♣####
##+######.......#
#..........(....#


You could see an ogre and Ijyb.

Vanquished Creatures
  3 adders
  2 worms (D:2)
  4 leopard geckos
  2 orcs (D:3)
  A ball python (D:1)
  9 bats
  4 giant cockroaches
  6 goblins
  5 hobgoblins
  7 jackals
  3 quokkas
  3 frilled lizards (D:1)
  9 kobolds
  19 rats
77 creatures vanquished.

Notes
Turn   | Place    | Note
-------+----------+-------------------------------------------
     0 | D:1      | KristoblXynda the Spriggan Assassin began the quest for the Orb.
     0 | D:1      | Reached XP level 1. HP: 10/10 MP: 2/2
    23 | D:1      | Reached skill level 6 in Stealth
    42 | D:1      | Reached XP level 2. HP: 9/14 MP: 3/3
   621 | D:1      | Reached XP level 3. HP: 11/18 MP: 4/4
  1073 | D:2      | Found a faded altar of an unknown god.
  1726 | D:3      | Reached XP level 4. HP: 22/22 MP: 5/5
  2367 | D:3      | Reached skill level 7 in Stealth
  2593 | D:4      | Noticed an ogre
  2597 | D:4      | Noticed Ijyb
  2605 | D:4      | Slain by an ogre

Vault maps used:
D:1:      erik_arrival_orb_chamber
D:2:      chequers_ecumenical_altar_island, first_bread, roderic_lattice_a
D:3:      kennysheep_generic_room_14
D:4:      serial_bayou_crossing, uniq_ijyb

Skill      XL: |  1  2  3  4 |
---------------+-------------+-----
Dodging        | 2 3 4 |  4.1
Stealth        | 6 7 |  7.0
Short Blades   | 3 |  3.5
Fighting       | |  1.5
Throwing       | |  2.0

Action                   |  1- 3 |  4- 6 || total
-------------------------+-------+-------++-------
Melee: Dagger            |   142 |    50 ||   192
 Fire: Blowgun           |     3 |       ||     3
 Stab: Sleeping          |     9 |     5 ||    14
       Distracted        |     1 |       ||     1
Armor: Robe              |     9 |     8 ||    17
Dodge: Dodged            |   105 |    35 ||   140
